[Event "Reykjavik Open 2024"]
[Site "Reykjavik"]
[Date "2024.03.20"]
[Round "8.8"]
[White "Adhiban, B.."]
[Black "Kjartansson, Gudmundur"]
[Result "0-1"]
[ECO "C67"]
[WhiteElo "2541"]
[BlackElo "2465"]
[Annotator "TA"]
[PlyCount "92"]
[EventDate "2024.03.12"]
[EventCountry "ISL"]
[SourceTitle "playchess.com"]
[Source "ChessBase"]
[SourceQuality "1"]
[TimeControl "40/5400+30:1800+30"]

1. e4 e5 2. Nf3 Nc6 3. Bb5 Nf6 4. O-O Nxe4 5. d4 Nd6 6. Bxc6 dxc6 7. dxe5 Nf5 8. Qxd8+ Kxd8 9. Rd1+ Ke8 10. Nc3 Ne7 11. a4 a5 12. Nd4 {[%emt 0:06:17][%cal Od4b5] Schwarz muss nun Ndb5! beachten.} Nf5 {[%emt 0:09:45] [#]} (12... Ng6 $11) 13. Ndb5 $1 $16 {[%emt 0:13:11] Weiß steht besser.} cxb5 14. Nxb5 Ke7 {[%emt 0:15:02] ...c6 ist eine echte Drohung.} 15. Nxc7 Rb8 16. g4 {[%emt 0:23:06][%mdl 1024] Weiss hat starke Kompensation.} Nh6 17. Nd5+ (17. h3 $14 {behält die Oberhand.}) 17... Kd7 $1 $17 18. Bg5 ({Besser ist} 18. Be3 $15 Kc6 (18... Nxg4 $2 19. Ba7 $18) 19. h3) 18... Kc6 (18... Nxg4 $142 {[%cal Od7e6] Und jetzt ...Ke6! wäre schön.} 19. e6+ Kxe6 20. Nc7+ Kf5 21. Rd5+ Ne5) 19. h3 Be6 20. Ne7+ Bxe7 21. Bxe7 Rhe8 $1 22. Bg5 b5 (22... Ng8 $1 $17 23. Ra3 b6) 23. b3 bxa4 24. Rd6+ Kc7 25. Rxa4 {[%emt 0:00:06] [#]} f6 $1 26. Bxh6 (26. Rxa5 $5 fxe5 (26... fxg5 27. Rc5+ Kb7 28. Rb5+ Kc8 29. Rc5+ Kb7 30. Rb5+ Ka7 31. Ra5+ Kb7 32. Rb5+ $11) 27. Raa6 $17) 26... gxh6 27. Rxa5 {[%emt 0:00:06] Droht stark Raa6.} fxe5 28. Rda6 Bf7 29. Rc5+ Kd7 30. Rxh6 Bg6 31. h4 Rbc8 32. Rxc8 Rxc8 $15 {[%emt 0:00:12][%mdl 4096] Endspiel. KRB-KR} 33. c4 Rb8 34. h5 Bc2 {[%emt 0:00:42] Schwarz steht aktiver.} 35. c5 (35. f3 $17) 35... Rxb3 $19 36. g5 {[%emt 0:00:29] [#]} Be4 (36... Ke7 $142 $1 {Und ...Rc3 würde nun gewinnen.} 37. c6 Rb8) 37. Kh2 $2 {[%emt 0:00:27] Der Zug kostet die Partie für Weiß.} (37. Kf1 $17) 37... Rf3 38. c6+ Kc7 ({Und nicht} 38... Bxc6 39. Rxh7+ Ke8 40. g6 $11) 39. Re6 $2 (39. Kg1) 39... Rxf2+ 40. Kg3 Rg2+ 41. Kh4 Bf5 42. Rxe5 Rg4+ 43. Kh3 Rxg5+ 44. Kh4 Rg4+ 45. Kh3 Bc8 {[%emt 0:00:34] ( -> ...Rg5+)} 46. Kh2 Kxc6 {[%emt 0:01:05] Gewichteter Fehlerwert: Weiß=0.56/Schwarz=0.14 (sehr präzise) .  Verlustzug:     	Weiß=1     	---        Fehler:       	Weiß=4     	Schwarz=5     Ungenau:       	Weiß=3     	Schwarz=1     OK:         	Weiß=7     	Schwarz=10    Bester:       	Weiß=4     	Schwarz=7     Stark:        	---       	Schwarz=2} 0-1

[Event "Reykjavik Open 2024"]
[Site "Reykjavik"]
[Date "2024.03.20"]
[Round "8.9"]
[White "Lu, Miaoyi"]
[Black "Yilmazyerli, Mert"]
[Result "1/2-1/2"]
[ECO "C67"]
[WhiteElo "2392"]
[BlackElo "2526"]
[Annotator "TA"]
[PlyCount "69"]
[EventDate "2024.03.12"]
[EventCountry "ISL"]
[SourceTitle "playchess.com"]
[Source "ChessBase"]
[SourceQuality "1"]
[TimeControl "40/5400+30:1800+30"]

1. e4 e5 2. Nf3 Nc6 3. Bb5 Nf6 4. O-O Nxe4 5. Re1 Nd6 6. Nxe5 Be7 7. Bf1 Nxe5 8. Rxe5 O-O 9. d4 Bf6 10. Re2 b6 11. Re1 Bb7 12. Bf4 Nf5 13. c3 Nh4 14. Nd2 Bg5 15. Qg4 Bxf4 16. Qxf4 d6 17. Ne4 Ng6 18. Qd2 Re8 19. d5 Qh4 20. Ng3 Qf4 21. Qxf4 Nxf4 (21... Rxe1 {simplifies} 22. Rxe1 Nxf4 23. c4 Kf8) 22. c4 Kf8 23. Nf5 g6 24. Nd4 Rxe1 25. Rxe1 Re8 26. Rxe8+ Kxe8 $14 {[%emt 0:01:13][%mdl 4096] Endgame. KBN-KBN} 27. g3 Nh5 28. Bh3 Nf6 29. f3 a6 30. a4 Nd7 {[%emt 0:02:34] The position is equal.} 31. Kf2 Ne5 32. b3 c5 33. dxc6 Nxc6 34. Nxc6 Bxc6 35. Ke3 {[%emt 0:03:39] Weighted Error Value: White=0.05 (flawless) /Black=0.05 (flawless) .  OK:         	White=9     	Black=9} 1/2-1/2

[Event "Reykjavik Open 2024"]
[Site "Reykjavik"]
[Date "2024.03.20"]
[Round "8.10"]
[White "Can, Emre"]
[Black "Steingrimsson, Hedinn"]
[Result "1/2-1/2"]
[ECO "D26"]
[WhiteElo "2551"]
[BlackElo "2477"]
[Annotator "TA"]
[PlyCount "42"]
[EventDate "2024.03.12"]
[EventCountry "ISL"]
[SourceTitle "playchess.com"]
[Source "ChessBase"]
[SourceQuality "1"]
[TimeControl "40/5400+30:1800+30"]

1. d4 d5 2. Nf3 Nf6 3. c4 dxc4 4. e3 e6 5. Bxc4 c5 6. Qe2 a6 7. dxc5 Bxc5 8. O-O b5 9. Bd3 Nc6 10. Nbd2 Ra7 11. e4 Rd7 12. Bc2 e5 13. Nb3 Bb6 14. Be3 O-O 15. Rac1 Rd6 16. h3 Be6 {[%emt 0:00:38] [#] ...Bc4 is the strong threat.} 17. Rfd1 Bc4 18. Qe1 {[%emt 0:00:35] Strongly threatening Rxd6.} Bxe3 19. Qxe3 Rxd1+ (19... Qe7 $11) 20. Rxd1 (20. Bxd1 $14 Nb4 21. Nxe5) 20... Qc7 $11 21. a3 Rc8 {[%emt 0:03:04] Weighted Error Value: White=0.23 (precise) /Black=0.18 (very precise) .  Mistake:       	White=1     	Black=1      Inaccurate:     	White=3     	Black=1      OK:         	White=3     	Black=6} 1/2-1/2

[Event "Reykjavik Open 2024"]
[Site "Reykjavik"]
[Date "2024.03.20"]
[Round "8.11"]
[White "Sushanth Kamabathula"]
[Black "Balakrishnan, Praveen"]
[Result "0-1"]
[ECO "C06"]
[WhiteElo "1918"]
[BlackElo "2490"]
[Annotator "TA"]
[PlyCount "144"]
[EventDate "2024.03.12"]
[EventCountry "ISL"]
[SourceTitle "playchess.com"]
[Source "ChessBase"]
[SourceQuality "1"]
[TimeControl "40/5400+30:1800+30"]

1. e4 e6 2. d4 d5 3. Nd2 Nf6 4. e5 Nfd7 5. Bd3 c5 6. c3 Nc6 7. Ne2 cxd4 8. cxd4 f6 9. exf6 Nxf6 10. O-O Bd6 11. Nf3 O-O 12. Bf4 Bxf4 13. Nxf4 Ng4 14. Qd2 Qf6 15. Nh5 (15. Ne2 {ist vielschichtiger.} e5 16. Nxe5 Ngxe5 17. dxe5 Nxe5 18. Bc2) 15... Qh6 16. Qxh6 Nxh6 {[%emt 0:00:06] Weiß hat minimalen Vorteil.} 17. Rac1 a6 18. Ng3 g6 19. Ne2 Nf7 20. Rfe1 Bd7 21. Nf4 Ng5 22. Nxg5 Rxf4 23. Nxe6 Bxe6 24. Rxe6 Rxd4 25. Re3 Rf4 26. f3 Rf6 27. Kf2 g5 28. Rc5 Rd8 29. Kg3 Rd7 30. Kg4 h6 31. h4 gxh4 32. Kxh4 Kf7 33. Kg4 Rd8 34. f4 Rg8+ (34... h5+ $1 $11 35. Kg5 (35. Kxh5 Rh8+ 36. Kg5 Rg8+ 37. Kh5 Rh8+ 38. Kg5 Rg8+ 39. Kh5 Rh8+ $11) 35... Rg8+ 36. Kxh5 Rh8+ 37. Kg5 (37. Kg4 Rg8+ 38. Kh5 Rh8+ 39. Kg5 Rg8+ 40. Kh5 $11) 37... Rg8+ 38. Kh5 Rxg2 39. Rxd5 Rxf4 (39... Rxb2 $2 40. Rd7+ Kf8 41. Bg6 $18)) 35. Kh3 $14 Re6 36. Rf3 (36. Rxe6 $16 Kxe6 37. Rc1) 36... Nd4 $11 37. Rc7+ Kf6 38. Bh7 $1 Rg7 39. Rfc3 Nb5 40. Rxg7 Kxg7 {[%emt 0:00:25][%mdl 4096] Endspiel. KRB-KRN} 41. Bf5 Rf6 42. Rg3+ Kf7 43. Kg4 Nd4 44. Bd3 Ne6 45. f5 Nc5 46. Kf4 Rb6 47. b3 Nd7 48. Rg6 Rb4+ ({Bitte nicht} 48... Rxg6 $6 49. fxg6+ Kf6 50. g7 Kxg7 51. Bf5 $16) 49. Ke3 $1 Nf6 50. g3 (50. Rxh6 $2 {geht unter.} Ng4+ 51. Kd2 Nxh6 $19) 50... h5 51. Kd2 Rb6 52. Be2 {[%emt 0:00:00] Droht Bxh5 und aus.} Rc6 53. Kd1 (53. Bf3 $14) 53... Rc3 54. Rg5 $1 Ne4 55. Rxh5 Rxg3 56. Rh7+ Rg7 57. Rh6 Rg2 {[%emt 0:00:39] [#] Weiss muss nun ...Nc3+ beachten.} 58. Bf3 Rxa2 59. Rb6 Kg7 60. Rxb7+ Kf6 61. Bxe4 dxe4 {[%emt 0:00:06] KR-KR} 62. b4 $1 Kxf5 63. b5 a5 (63... Kf4 {vereinfacht} 64. bxa6 Rxa6 65. Rb3 Ra7) 64. b6 {[%emt 0:03:38] Rb8 wäre nun fies.} Kf4 65. Rf7+ (65. Kc1 $1 $11 {war der einzige Weg, das Gleichgewicht zu halten.} Ra3 66. Rb8) 65... Ke3 $17 {[%emt 0:00:18] Zielt auf ...Rb2 ab.} 66. Rf5 {[%emt 0:00:29] [#]} Rb2 $1 {[%emt 0:00:30] Schwarz steht aktiver.} 67. Rxa5 Rb1+ 68. Kc2 Rxb6 {[%emt 0:00:03] ( -> ...Kf2)} 69. Re5 $2 {[%emt 0:00:30][%mdl 8192] Davon erholt Weiß sich nicht mehr.} (69. Kd1 $17) 69... Rd6 {[%emt 0:00:15] Schwarz setzt Matt.} 70. Rh5 Kf2 71. Rf5+ Ke2 72. Rh5 Rc6+ {[%emt 0:00:04] Gewichteter Fehlerwert: Weiß=0.10 (sehr präzise) /Schwarz=0.08 (makellos) .  Verlustzug:     	Weiß=1     	---        Fehler:       	Weiß=3     	Schwarz=1     Ungenau:       	Weiß=5     	Schwarz=4     OK:         	Weiß=22    	Schwarz=22    Bester:       	Weiß=4     	Schwarz=4     Stark:        	Weiß=4     	Schwarz=1} 0-1

[Event "Reykjavik Open 2024"]
[Site "Reykjavik"]
[Date "2024.03.20"]
[Round "8.12"]
[White "Garifullina, Leya"]
[Black "Ivanchuk, Vasyl"]
[Result "1-0"]
[ECO "C70"]
[WhiteElo "2413"]
[BlackElo "2625"]
[Annotator "TA"]
[PlyCount "85"]
[EventDate "2024.03.12"]
[EventCountry "ISL"]
[SourceTitle "playchess.com"]
[Source "ChessBase"]
[SourceQuality "1"]
[TimeControl "40/5400+30:1800+30"]

1. e4 e5 2. Nf3 Nc6 3. Bb5 a6 4. Ba4 g6 5. d4 b5 6. Bb3 exd4 7. c3 Bg7 8. cxd4 Nge7 9. d5 Na5 10. Bd2 c5 11. Bc3 {[%emt 0:04:13] Inhibits d6.} Bxc3+ 12. bxc3 {[%emt 0:04:25] Black should prevent d6.} d6 13. Nbd2 f6 14. O-O g5 {[%emt 0:00:03] [#]} 15. e5 $1 dxe5 {[%emt 0:00:14][%cal Oa5b3] ...Nxb3! is the strong threat.} 16. Ne4 (16. d6 {seems wilder.} Ng6 17. Ne4 Ra7 18. Qd5) 16... Ng6 17. Nxc5 (17. d6 $1 $14 g4 18. Qd5 Nxb3 19. axb3 (19. Qxa8 Nxa1 20. Nfd2 Kf7 $11)) 17... Qb6 $11 18. Ne4 O-O 19. d6+ ({Better is} 19. Nfd2 $11) 19... Kg7 $15 20. d7 Bb7 21. Qd6 $1 Qc6 22. Qxc6 Bxc6 23. Nc5 $36 {[%emt 0:00:08][%mdl 2048] White fights for an advantage.} Nf4 24. Rfd1 $1 Nb7 {[%emt 0:00:56] Prevents Rd6.} 25. Nxb7 Bxb7 26. Rd2 Rfd8 {[%emt 0:12:15] Hoping for ...Bxf3.} 27. Ne1 Bc6 28. Rd6 (28. Rad1 Ra7 29. g3 Nh3+ (29... Raxd7 $2 30. Rxd7+ Rxd7 31. Rxd7+ Bxd7 32. gxf4 $18) 30. Kf1 Raxd7 (30... Bxd7 31. Nc2 $14) 31. Rxd7+ Rxd7 32. Rxd7+ Bxd7) 28... Bxd7 {[%emt 0:00:01] Threatens to win with ...Ne2+.} (28... Rxd7 $2 {loses.} 29. Rxc6 a5 30. Kf1 $18) 29. Rad1 Ra7 30. R1d2 {[%emt 0:02:28] Prevents Ne2+} Ng6 31. Nd3 Rc8 {[%emt 0:02:24] Wards off Nc5} 32. Nb4 Nf8 ({Black should play} 32... Be8 $17 33. Nd5 Bf7) 33. Nxa6 $11 Rxc3 34. h3 h5 35. Nb4 h4 36. Kh2 Rc5 37. Rb6 Bf5 38. Rd8 {[%emt 0:02:25][%cal Od8f8] aiming for Rxf8!} Rc8 39. Rdd6 Nd7 40. Rxb5 {[%emt 0:00:34] And now Nc6 would win.} Nc5 41. Nc6 Rd7 {[%emt 0:31:00] [#]} 42. Rxc5 Rxd6 {[%emt 0:00:02] [#]} 43. Ne7 $1 {[%emt 0:00:07][%csl LRc8,LRf5] Weighted Error Value: White=0.09 (flawless) /Black=0.08 (flawless) .  Mistake:       	White=2     	Black=1      Inaccurate:     	White=4     	Black=4      OK:         	White=19    	Black=22     Best:        	White=3     	---        Strong:       	White=3     	---} 1-0

[Event "Reykjavik Open 2024"]
[Site "Reykjavik"]
[Date "2024.03.20"]
[Round "8.13"]
[White "Cornette, Matthieu"]
[Black "Jacobsen, Mikkel Manosri"]
[Result "1/2-1/2"]
[ECO "B12"]
[WhiteElo "2575"]
[BlackElo "2367"]
[Annotator "TA"]
[PlyCount "59"]
[EventDate "2024.03.12"]
[EventCountry "ISL"]
[SourceTitle "playchess.com"]
[Source "ChessBase"]
[SourceQuality "1"]
[TimeControl "40/5400+30:1800+30"]

1. e4 c6 2. d4 d5 3. e5 Bf5 4. h4 h5 5. c4 e6 6. Nc3 dxc4 7. Bxc4 Nd7 8. Nge2 Be7 9. g3 b5 10. Bb3 b4 11. Nb1 Nh6 12. O-O g5 13. hxg5 Bxg5 14. Bxg5 Qxg5 15. Qc1 (15. Nd2 $14) 15... Qxc1 $15 16. Rxc1 Bg4 17. Bd1 (17. Nf4 $15 Nf5 18. Rc4) 17... Nf5 $17 18. Rc4 Rb8 (18... Rd8 $17 19. Rxb4 (19. Rxc6 $2 {loses.} Bxe2 20. Bxe2 Nxd4 $19) 19... a5) 19. Nd2 $15 Nb6 20. Rc5 {[%emt 0:05:26] [#] Strongly threatening f3.} ({Much weaker is} 20. Rxb4 Bxe2 21. Bxe2 a5 $17) 20... Bxe2 21. Bxe2 Nxd4 22. Bf3 ({White should play} 22. Bd1 $15) 22... Nd7 {[%emt 0:14:39] A dynamic duo of knights.} (22... Rd8 $17 {Threatens to win with ...h4.} 23. a3 b3) 23. Bxc6 $11 Rc8 24. Bxd7+ {[%emt 0:00:29] The position is equal.} Kxd7 25. Ra5 Nc6 26. Ra6 Nxe5 27. Rxa7+ Rc7 28. Ra5 Nd3 29. Nf3 Rhc8 30. Ne5+ {[%emt 0:04:45] Weighted Error Value: White=0.15 (very precise) /Black=0.16 (very precise) .  Mistake:       	White=3     	Black=2      Inaccurate:     	---       	Black=3      OK:         	White=11    	Black=8      Best:        	---       	Black=3} 1/2-1/2